[Event "Titled Tuesday Blitz November 14 Late 2023"]
[White "Michalski, Olaf"]
[Black "Balla, Tamas-Kristof"]
[WhiteFideId "1106740"]
[BlackFideId "1208497"]
[WhiteElo "2138"]
[BlackElo "2375"]
[Result "0-1"]
[Round "3"]
[TimeControl "180+1"]
[Date "2023.11.14"]
[WhiteClock "0:00:00"]
[BlackClock "0:00:20"]
[Board "168"]

1. d4 d5 2. c4 e6 3. Nc3 c5 4. cxd5 exd5 5. Nf3 Nc6 6. g3 Nf6 7. Bg2 cxd4 8. Nxd4 Bc5 9. Nb3 Bb6 10. O-O O-O 11. Bg5 Be6 12. Bxf6 Qxf6 13. Nxd5 Bxd5 14. Qxd5 Qxb2 15. e3 Rad8 16. Qb5 Rd6 17. a4 Rfd8 18. Rfb1 Qe5 19. Bxc6 Qf6 20. Bxb7 h5 21. Qxh5 Rd3 22. Be4 Rxb3 23. Rxb3 Qxa1+ 24. Rb1 Qf6 25. Qh7+ Kf8 26. a5 Bc7 27. Rb7 Qe5 28. Rxa7 Rd1+ 29. Kg2 Rd8 30. Rxc7 Qxc7 31. Qh8+ Ke7 32. Qxg7 Qxa5 33. h4 Rd2 34. Qh6 Qa2 35. Qg5+ f6 36. Qg7+ Ke6 37. Qg8+ Ke5 38. Qxa2 Rxa2 39. Kf3 Ra7 40. h5 f5 41. Bd3 Rh7 42. g4 fxg4+ 43. Kxg4 Rg7+ 44. Kh4 Rf7 45. f4+ Kf6 46. h6 Rd7 47. h7 Kg7 48. Be4 Re7 49. Bf3 Rxe3 50. Kg4 Kxh7 51. f5 Kg7 52. Bg2 Ra3 53. Kg5 Rg3+ 54. Kf4 Rxg2 0-1


[Site "https://www.chess.com"]

[Event "Titled Tuesday Blitz November 14 Late 2023"]
[White "Jelcic, Marko"]
[Black "Bugayev, Vladimir"]
[WhiteFideId "14406489"]
[BlackFideId "30901480"]
[WhiteElo "2129"]
[BlackElo "2373"]
[Result "0-1"]
[Round "3"]
[TimeControl "180+1"]
[Date "2023.11.14"]
[WhiteClock "0:00:00"]
[BlackClock "0:00:29"]
[Board "169"]

1. d4 Nf6 2. c4 c5 3. e3 g6 4. Nc3 Bg7 5. Nf3 O-O 6. b4 cxb4 7. Nd5 Nxd5 8. cxd5 d6 9. Bd2 a5 10. a3 bxa3 11. Rxa3 b6 12. Qb3 Bb7 13. Bxa5 Bxd5 14. Qxd5 Rxa5 15. Rxa5 bxa5 16. Bb5 Qb6 17. O-O e6 18. Qb3 Na6 19. Qa4 Nc7 20. Rb1 Rb8 21. Nd2 Nxb5 22. Nc4 Qa6 23. Na3 Rc8 24. Nxb5 e5 25. d5 e4 26. g3 f5 27. Na3 Bf8 28. Rb5 Rc5 29. Rxc5 dxc5 30. Nc4 Qb7 31. d6 Qb4 32. Qc2 a4 33. d7 Be7 34. Qd2 Qxd2 35. Nxd2 a3 36. Nb1 a2 37. Kf1 axb1=Q+ 0-1


[Site "https://www.chess.com"]

[Event "Titled Tuesday Blitz November 14 Late 2023"]
[White "Fernandez Hernandez, Gerardo"]
[Black "Davidson, Kevin"]
[WhiteFideId "2207400"]
[BlackFideId "2056810"]
[WhiteElo "2116"]
[BlackElo "2372"]
[Result "0-1"]
[Round "3"]
[TimeControl "180+1"]
[Date "2023.11.14"]
[WhiteClock "0:00:07"]
[BlackClock "0:00:05"]
[Board "170"]

1. e4 c5 2. d3 g6 3. g3 Bg7 4. Bg2 Nc6 5. f4 d6 6. Nf3 Nf6 7. O-O O-O 8. h3 Rb8 9. g4 b5 10. a4 b4 11. Nbd2 Ne8 12. Nc4 Nc7 13. Qe1 Ne6 14. Qf2 Ned4 15. Ne1 Be6 16. Kh1 Bxc4 17. dxc4 Na5 18. f5 Nxc4 19. g5 Be5 20. f6 exf6 21. gxf6 Kh8 22. Bh6 Rg8 23. Nd3 Ne6 24. b3 Bxa1 25. Rxa1 Ne5 26. Rf1 Nxd3 27. cxd3 g5 28. h4 gxh4 29. Bh3 Rg6 30. Qxh4 Qg8 31. Bxe6 fxe6 32. Bg7+ Rxg7 33. fxg7+ Qxg7 34. Rg1 Qe5 35. Rg5 Qa1+ 36. Rg1 Qd4 37. Qg4 Qf6 38. Kh2 Rf8 39. Rg2 Qf4+ 40. Qxf4 Rxf4 41. Kg3 Rf1 42. Rd2 Rb1 43. d4 Rxb3+ 44. Kf4 c4 45. d5 e5+ 46. Kf5 c3 47. Rc2 Rb2 48. Rc1 c2 49. Ke6 Rb1 50. Rxc2 b3 51. Rc8+ Kg7 52. Rc7+ Kg6 53. Rb7 b2 54. Kxd6 h5 55. Kxe5 h4 56. d6 h3 57. d7 Rd1 58. Rxb2 Rxd7 59. Rh2 Rh7 60. Kd6 Kg5 61. e5 Rh6+ 62. e6 Kf5 63. Rf2+ Ke4 64. Kd7 Ke3 65. Rc2 h2 66. Rxh2 Rxh2 67. e7 Rh7 68. Kd8 Rh8+ 69. e8=Q+ Rxe8+ 70. Kxe8 Kd4 71. Kd7 Kc5 72. Kc7 a5 73. Kb7 Kb4 74. Kb6 Kxa4 75. Kc5 Kb3 76. Kd4 a4 77. Kd3 Kb2 78. Kd2 a3 0-1


[Site "https://www.chess.com"]

[Event "Titled Tuesday Blitz November 14 Late 2023"]
[White "Oliveira, Tiago Batista"]
[Black "Bernat, David"]
[WhiteFideId "2108291"]
[BlackFideId "2099225"]
[WhiteElo "2075"]
[BlackElo "2365"]
[Result "0-1"]
[Round "3"]
[TimeControl "180+1"]
[Date "2023.11.14"]
[WhiteClock "0:00:42"]
[BlackClock "0:01:16"]
[Board "171"]

1. d4 d5 2. c4 e5 3. dxe5 d4 4. Nf3 Nc6 5. g3 Nge7 6. Bg2 Ng6 7. O-O Ngxe5 8. Nbd2 Nxf3+ 9. Nxf3 Be7 10. a3 a5 11. Bd2 O-O 12. Qc2 Bf6 13. Rad1 Re8 14. Rfe1 g6 15. Bh6 Bf5 16. Qb3 a4 17. Qa2 Bc2 18. Rd2 Bb3 19. Qb1 Bxc4 20. e3 d3 21. Rc1 Ba6 22. Bf4 g5 23. Bxg5 Bxg5 24. Nxg5 Qxg5 25. Bxc6 bxc6 26. Rxc6 Bb7 27. Rc4 Qd5 28. Rg4+ Kh8 29. e4 Rxe4 30. Rxd3 Re1+ 0-1


[Site "https://www.chess.com"]

[Event "Titled Tuesday Blitz November 14 Late 2023"]
[White "miraitrunks"]
[Black "Gerbelli Neto, Eduardo"]
[BlackFideId "2103281"]
[WhiteElo "2074"]
[BlackElo "2354"]
[Result "0-1"]
[Round "3"]
[TimeControl "180+1"]
[Date "2023.11.14"]
[WhiteClock "0:00:00"]
[BlackClock "0:00:09"]
[Board "172"]

1. d4 d5 2. c4 c6 3. Nc3 Nf6 4. Nf3 e6 5. cxd5 exd5 6. Bg5 Bb4 7. e3 Nbd7 8. Bd3 Qa5 9. Qc2 h6 10. Bxf6 Nxf6 11. O-O O-O 12. Ne5 c5 13. dxc5 Qxc5 14. Rac1 Qe7 15. Nf3 Bg4 16. Nd4 Rac8 17. Qb3 Rfd8 18. h3 Be6 19. a3 Bd6 20. Ncb5 Bb8 21. Rxc8 Rxc8 22. Nxe6 fxe6 23. Qd1 a6 24. Nd4 Qd6 25. g3 e5 26. Nf5 Qe6 27. Kg2 e4 28. Nd4 Qd6 29. Bc2 Nd7 30. Qg4 Rf8 31. Bb3 Ne5 32. Qh5 Nc4 33. Nf5 Qf6 34. Nxh6+ gxh6 35. Qxd5+ Kg7 36. Bxc4 Qf3+ 37. Kh2 b5 38. Qd7+ Kh8 39. Qd4+ Rf6 40. Qd8+ Rf8 41. Qd4+ Kh7 42. Qd7+ Kg6 43. Bb3 Bxg3+ 44. fxg3 Qxf1 45. Qg4+ Kh7 46. Qd7+ Kh8 47. Qd4+ Qf6 48. Qxf6+ Rxf6 49. g4 Rf2+ 50. Kg3 Rxb2 51. Bd5 a5 52. Kf4 b4 53. axb4 axb4 54. Kxe4 Kg7 55. Kd4 Re2 56. e4 Kf6 0-1


[Site "https://www.chess.com"]

[Event "Titled Tuesday Blitz November 14 Late 2023"]
[White "Lebedev, Artem S."]
[Black "Winkels, Marcel"]
[WhiteFideId "34272747"]
[BlackFideId "1003887"]
[WhiteElo "2346"]
[BlackElo "2067"]
[Result "1-0"]
[Round "3"]
[TimeControl "180+1"]
[Date "2023.11.14"]
[WhiteClock "0:01:49"]
[BlackClock "0:00:00"]
[Board "173"]

1. e4 c5 2. Nf3 d6 3. d4 cxd4 4. Nxd4 Nf6 5. Nc3 a6 6. Be3 e5 7. Nf3 Be7 8. Bc4 O-O 9. O-O Be6 10. Bb3 Nbd7 11. Bxe6 fxe6 12. Ng5 Nc5 13. Bxc5 dxc5 14. Nxe6 Qxd1 15. Raxd1 Rfc8 16. Nd5 Nxd5 17. exd5 Bd6 18. Ng5 Rf8 19. Ne4 Rad8 20. c4 Rf4 21. f3 Kf7 22. Ng5+ Kg6 23. Ne6 Rdf8 24. Nxf8+ Rxf8 25. g3 b5 26. b3 Rb8 27. Rb1 Rb7 28. a4 Kf5 29. Kg2 e4 30. fxe4+ Kxe4 31. Rfe1+ Kd4 32. Re6 Rb6 33. a5 bxc4 34. axb6 1-0


[Site "https://www.chess.com"]

[Event "Titled Tuesday Blitz November 14 Late 2023"]
[White "Elbebiber"]
[Black "Weak-Player_EGY"]
[WhiteElo "2058"]
[BlackElo "2345"]
[Result "0-1"]
[Round "3"]
[TimeControl "180+1"]
[Date "2023.11.14"]
[WhiteClock "0:00:10"]
[BlackClock "0:00:37"]
[Board "174"]

1. d4 Nf6 2. Bg5 g6 3. Bxf6 exf6 4. e3 d5 5. g3 h5 6. h4 Bh6 7. Bg2 c6 8. Ne2 Nd7 9. Nd2 f5 10. c4 Nf6 11. Nc3 Be6 12. cxd5 Nxd5 13. Rc1 Qd6 14. Nxd5 Bxd5 15. Bxd5 Qxd5 16. O-O Qd6 17. Nc4 Qc7 18. Ne5 Kf8 19. Qb3 Kg7 20. Rfd1 f6 21. Nf3 Rae8 22. d5 Re4 23. Kg2 Rhe8 24. Rd3 Rg4 25. dxc6 bxc6 26. Qc3 f4 27. exf4 Bxf4 28. Rcd1 Re7 29. Nd4 Be5 30. Qc4 c5 31. Ne6+ Rxe6 32. Qxe6 Qb7+ 33. Kh2 Qxb2 34. Rd7+ Kh6 35. R1d2 Qa3 36. Qf7 Bxg3+ 37. Kh1 Qf3+ 38. Kg1 Bxf2+ 39. Kf1 Rg1# 0-1


[Site "https://www.chess.com"]

[Event "Titled Tuesday Blitz November 14 Late 2023"]
[White "Desideri, Ricardo Maruchi"]
[Black "KorolDimitriy75"]
[WhiteFideId "2110440"]
[WhiteElo "1981"]
[BlackElo "2344"]
[Result "0-1"]
[Round "3"]
[TimeControl "180+1"]
[Date "2023.11.14"]
[WhiteClock "0:00:35"]
[BlackClock "0:02:15"]
[Board "175"]

1. e4 c5 2. Nf3 d6 3. d4 cxd4 4. Nxd4 Nf6 5. Nc3 g6 6. h4 Bg7 7. Be3 Nc6 8. f3 O-O 9. Bc4 Bd7 10. Qd2 Qa5 11. O-O-O Rfc8 12. Bb3 Ne5 13. h5 Nxh5 14. g4 Nf6 15. Bh6 Bxh6 16. Qxh6 Rxc3 17. bxc3 Qxc3 18. Kb1 Rc8 19. g5 Nh5 20. Rxh5 gxh5 21. Qxh5 Nc4 22. Bxc4 Rxc4 23. f4 Rxd4 24. Rh1 Rb4+ 25. Kc1 Qe3+ 0-1


[Site "https://www.chess.com"]

[Event "Titled Tuesday Blitz November 14 Late 2023"]
[White "Eggleston, Thomas A"]
[Black "Gyulamiryan-koryun"]
[WhiteFideId "412139"]
[WhiteElo "2343"]
[BlackElo "1874"]
[Result "1-0"]
[Round "3"]
[TimeControl "180+1"]
[Date "2023.11.14"]
[WhiteClock "0:00:21"]
[BlackClock "0:00:00"]
[Board "176"]

1. e4 e5 2. Nf3 Nc6 3. d4 exd4 4. Nxd4 Bc5 5. Nxc6 Qf6 6. Qd2 dxc6 7. Bd3 Bd7 8. Nc3 O-O-O 9. Na4 Bd4 10. O-O Nh6 11. c3 Bb6 12. Nxb6+ cxb6 13. Qe2 Ng4 14. f3 Ne5 15. Bc2 Be6 16. b3 Nd7 17. Qe1 g5 18. a4 h6 19. a5 b5 20. a6 b6 21. f4 g4 22. f5 Rdg8 23. fxe6 Qxe6 24. Bf4 Nc5 25. Bg3 h5 26. b4 Nd7 27. e5 h4 28. Bf5 Qd5 29. Bxd7+ Qxd7 30. Bf4 g3 31. h3 Re8 32. Rd1 Qe7 33. Qe2 f5 34. Qc2 1-0


[Site "https://www.chess.com"]

[Event "Titled Tuesday Blitz November 14 Late 2023"]
[White "Becerra, Juan David"]
[Black "Vargas, Mauricio"]
[WhiteFideId "4404998"]
[BlackFideId "4404572"]
[WhiteElo "2340"]
[BlackElo "1851"]
[Result "1-0"]
[Round "3"]
[TimeControl "180+1"]
[Date "2023.11.14"]
[WhiteClock "0:00:40"]
[BlackClock "0:00:00"]
[Board "177"]

1. d4 d5 2. Nc3 c6 3. Nf3 Bf5 4. Bf4 e6 5. e3 Nd7 6. Bd3 Be7 7. O-O Ngf6 8. Re1 O-O 9. e4 dxe4 10. Nxe4 Nd5 11. Bg3 Nb4 12. Bc4 a5 13. c3 Nd5 14. Nd6 b5 15. Bxd5 cxd5 16. Nxf5 exf5 17. Qd3 g6 18. Qxb5 Nf6 19. Qb7 Bd6 20. Bh4 h6 21. Bxf6 Qxf6 22. Qxd5 Rfd8 23. Ne5 a4 24. Qf3 Rab8 25. Rab1 Rb5 26. b3 axb3 27. axb3 Bxe5 28. dxe5 Rxe5 29. Rxe5 Qxe5 30. Qe3 Qxe3 31. fxe3 Rd3 32. c4 Rxe3 33. b4 Rc3 34. c5 Kf8 35. Rd1 Rb3 36. Rd4 Ke7 37. c6 Rc3 38. b5 Rc5 39. Rd7+ Ke6 40. Rb7 Kd6 41. Kf2 g5 42. Rd7+ Ke5 43. c7 Ke6 44. Rd3 Rxc7 45. b6 Rb7 46. Rb3 Kd6 47. Ke3 Kc6 48. Kd4 Rxb6 49. Rxb6+ Kxb6 50. Ke5 Kc6 51. Kxf5 Kd6 52. Kf6 Kd7 53. Kxf7 Kd6 54. Kf6 Kd5 55. Kf5 1-0


[Site "https://www.chess.com"]

[Event "Titled Tuesday Blitz November 14 Late 2023"]
[White "Harish, Neeraj"]
[Black "Burke, Paul"]
[WhiteFideId "30958130"]
[BlackFideId "2605767"]
[WhiteElo "2333"]
[BlackElo "1849"]
[Result "1-0"]
[Round "3"]
[TimeControl "180+1"]
[Date "2023.11.14"]
[WhiteClock "0:00:03"]
[BlackClock "0:00:04"]
[Board "178"]

1. e4 e5 2. Nf3 Nc6 3. Bc4 Be7 4. d4 exd4 5. Nxd4 d6 6. Nc3 Nf6 7. Bf4 O-O 8. Qd2 Nxd4 9. Qxd4 Be6 10. O-O-O Bxc4 11. Qxc4 Nd7 12. Qe2 Bg5 13. Qd2 Bxf4 14. Qxf4 Qf6 15. Qd2 Nb6 16. g4 Rad8 17. g5 Qe6 18. h4 Rfe8 19. h5 c6 20. f4 Nc4 21. Qh2 b5 22. g6 fxg6 23. hxg6 h6 24. f5 Qe5 25. Qe2 Rf8 26. Rh2 Nb6 27. Rdh1 b4 28. Nd1 d5 29. Qe3 Qxe4 30. Qd2 Nc4 31. Rxh6 gxh6 32. Qxh6 1-0


[Site "https://www.chess.com"]

[Event "Titled Tuesday Blitz November 14 Late 2023"]
[White "DAVIDHDZSTS"]
[Black "Chabris, Christopher"]
[BlackFideId "2005263"]
[WhiteElo "1848"]
[BlackElo "2329"]
[Result "1-0"]
[Round "3"]
[TimeControl "180+1"]
[Date "2023.11.14"]
[WhiteClock "0:00:05"]
[BlackClock "0:00:00"]
[Board "179"]

1. d4 d5 2. c4 c6 3. Nc3 Nf6 4. cxd5 cxd5 5. Bf4 Nc6 6. e3 a6 7. a3 Bf5 8. Bd3 Bxd3 9. Qxd3 e6 10. Rc1 Nh5 11. Bg3 Nxg3 12. hxg3 h6 13. Nge2 Bd6 14. f4 Rc8 15. O-O f5 16. b4 b5 17. Kf2 O-O 18. Ng1 Ne7 19. Nf3 Rc4 20. Ne2 Qb6 21. Ne5 Bxe5 22. fxe5 g5 23. Rc3 Kg7 24. Rfc1 Ng6 25. Kg1 h5 26. R1c2 Rh8 27. Rxc4 dxc4 28. Qd1 h4 29. Kf2 hxg3+ 30. Nxg3 f4 31. Ne4 Nxe5 32. exf4 gxf4 33. Nc5 Ng4+ 34. Qxg4+ Kf7 35. Re2 Rh6 36. Re5 Rf6 37. Nd7 Qxd4+ 38. Kf1 Qxd7 39. Qh5+ Ke7 40. Qh7+ Rf7 41. Qh4+ Kd6 42. Re1 Qc6 43. Qf2 Ke7 44. Re5 1-0


[Site "https://www.chess.com"]

[Event "Titled Tuesday Blitz November 14 Late 2023"]
[White "Nakamura, Hikaru"]
[Black "Zhigalko, Sergei"]
[WhiteFideId "2016192"]
[BlackFideId "13502956"]
[WhiteElo "3294"]
[BlackElo "2898"]
[Result "1-0"]
[Round "4"]
[TimeControl "180+1"]
[Date "2023.11.14"]
[WhiteClock "0:00:03"]
[BlackClock "0:00:11"]
[Board "1"]

1. Nf3 d5 2. g3 c6 3. Bg2 Bg4 4. h3 Bh5 5. d3 e6 6. Nbd2 Bd6 7. b3 Ne7 8. g4 Bg6 9. Nh4 a5 10. Bb2 O-O 11. a3 c5 12. e3 a4 13. bxa4 Nbc6 14. O-O Rxa4 15. c4 Ra8 16. Nxg6 hxg6 17. Rb1 Be5 18. cxd5 exd5 19. d4 cxd4 20. Nf3 Bd6 21. Nxd4 Bxa3 22. Bxa3 Rxa3 23. Rxb7 Ra7 24. Nxc6 Nxc6 25. Rxa7 Nxa7 26. Qxd5 Qxd5 27. Bxd5 Rd8 28. e4 Nb5 29. Rc1 g5 30. Rc5 Nd4 31. Rc7 Ne6 32. Bxe6 fxe6 33. Rc5 Rd4 34. f3 Rd2 35. Rxg5 Kf7 36. h4 Kf6 37. Ra5 Rb2 38. h5 e5 39. Kf1 Rh2 40. Ke1 Rb2 41. Rd5 Ra2 42. Rd2 Ra3 43. Kf2 Kg5 44. Rd7 g6 45. Rg7 Ra2+ 46. Kg3 Rg2+ 47. Kxg2 Kh4 48. f4 g5 49. fxg5 Kxg4 50. h6 Kf4 51. g6 Kg4 52. h7 Kg5 53. h8=R Kg4 54. Rf7 Kg5 55. g7 Kg4 56. Re8 Kg5 57. g8=R+ Kh4 58. Rg3 Kh5 59. Rxe5+ Kh6 60. Re8 Kh5 61. e5 Kh6 62. e6 Kh5 63. e7 Kh6 64. Reg8 Kh5 65. e8=R Kh6 66. Rd3 Kh5 67. Rd4 Kh6 68. Kf3 Kh5 69. Kg3 Kh6 70. Kh3 Kh5 71. Ree4 Kh6 72. Re6+ Kh5 73. Rd5# 1-0


[Site "https://www.chess.com"]

[Event "Titled Tuesday Blitz November 14 Late 2023"]
[White "Nihal Sarin"]
[Black "Salinas Herrera, Pablo"]
[WhiteFideId "25092340"]
[BlackFideId "3407128"]
[WhiteElo "3105"]
[BlackElo "2896"]
[Result "1/2-1/2"]
[Round "4"]
[TimeControl "180+1"]
[Date "2023.11.14"]
[WhiteClock "0:00:07"]
[BlackClock "0:00:04"]
[Board "2"]

1. d4 d5 2. Nf3 Nf6 3. Bf4 e6 4. e3 Bd6 5. Nbd2 O-O 6. Bd3 c5 7. c3 Bxf4 8. exf4 b6 9. Qe2 a5 10. h4 Qd6 11. g3 Ba6 12. Bxa6 Nxa6 13. h5 h6 14. a3 b5 15. Ne5 b4 16. g4 bxc3 17. bxc3 cxd4 18. cxd4 Ne4 19. Nxe4 dxe4 20. Qxe4 Rad8 21. Rd1 f5 22. gxf5 Rxf5 23. Rh3 Nc7 24. Rc1 Nd5 25. Rc6 Rxe5 26. Qxe5 Qxc6 27. Rg3 Qc1+ 28. Ke2 Qc4+ 29. Kf3 Nf6 30. Qxa5 Rxd4 31. Qa7 Qd5+ 32. Ke2 Rd2+ 33. Ke1 Rd1+ 34. Ke2 Nxh5 35. Qb8+ Kh7 36. Re3 Nxf4+ 37. Qxf4 Rd2+ 38. Ke1 Rd4 39. Qf3 Qg5 40. Kf1 Rf4 41. Qe2 Rh4 42. Qd3+ Kh8 43. Rf3 Rh1+ 44. Ke2 Qe5+ 45. Re3 Qh5+ 46. Rf3 Rh4 47. Kf1 Rh1+ 48. Ke2 Qe5+ 49. Re3 Qb2+ 50. Qd2 Qb5+ 51. Qd3 Qb2+ 52. Qd2 Qf6 53. Qd3 Rh2 54. Rf3 Qe5+ 55. Qe3 Qb2+ 56. Qd2 Qb5+ 57. Qd3 Qe5+ 58. Kd2 Qb2+ 59. Qc2 Qd4+ 60. Ke2 Qe5+ 61. Kd2 Qd4+ 62. Ke2 Qe5+ 63. Kd2 Qd4+ 1/2-1/2


[Site "https://www.chess.com"]

[Event "Titled Tuesday Blitz November 14 Late 2023"]
[White "Eljanov, Pavel"]
[Black "Naroditsky, Daniel"]
[WhiteFideId "14102951"]
[BlackFideId "2026961"]
[WhiteElo "2881"]
[BlackElo "3102"]
[Result "0-1"]
[Round "4"]
[TimeControl "180+1"]
[Date "2023.11.14"]
[WhiteClock "0:00:12"]
[BlackClock "0:00:29"]
[Board "3"]

1. d4 Nf6 2. c4 g6 3. Nc3 Bg7 4. e4 d6 5. Be2 O-O 6. Be3 Na6 7. Nf3 e5 8. d5 Ng4 9. Bg5 f6 10. Bh4 Qe8 11. h3 Nh6 12. g4 Nf7 13. a3 c5 14. Rb1 Bd7 15. b4 b6 16. Qc2 Qe7 17. Nd2 Bh6 18. Bg3 Bf4 19. h4 Kg7 20. Rg1 Nc7 21. Nf1 Kh8 22. Ne3 Nh6 23. Qd1 Rab8 24. Ng2 Bxg3 25. fxg3 f5 26. g5 Ng4 27. Rf1 Rf7 28. bxc5 Rbf8 29. c6 Bc8 30. Rb2 Nh2 31. Rh1 Ng4 32. a4 Na6 33. Rf1 Nh2 34. Rh1 Ng4 35. a5 Nc5 36. axb6 axb6 37. Rf1 fxe4 38. Qd2 Rf2 39. Bxg4 Rxf1+ 40. Ke2 Bxg4+ 0-1


[Site "https://www.chess.com"]

[Event "Titled Tuesday Blitz November 14 Late 2023"]
[White "Tabatabaei, M. Amin"]
[Black "Szpar, Milosz"]
[WhiteFideId "12521213"]
[BlackFideId "1184989"]
[WhiteElo "3093"]
[BlackElo "2863"]
[Result "1-0"]
[Round "4"]
[TimeControl "180+1"]
[Date "2023.11.14"]
[WhiteClock "0:01:40"]
[BlackClock "0:00:14"]
[Board "4"]

1. e4 e6 2. d4 d5 3. Nc3 Nf6 4. e5 Nfd7 5. f4 c5 6. Nf3 Nc6 7. Be3 Be7 8. Qd2 O-O 9. a3 f6 10. exf6 Nxf6 11. dxc5 Qa5 12. Bb5 Ne4 13. Nxe4 Qxb5 14. Nc3 Qa5 15. Ne2 Qb5 16. b4 a5 17. Ned4 Qc4 18. Nxc6 bxc6 19. Ne5 Qe4 20. O-O Bf6 21. Bd4 Bxe5 22. Bxe5 Ba6 23. Rfe1 Qf5 24. Re3 a4 25. Rae1 Rae8 26. Rg3 Rf7 27. Rg5 1-0


[Site "https://www.chess.com"]

[Event "Titled Tuesday Blitz November 14 Late 2023"]
[White "Tactrics"]
[Black "Yoo, Christopher Woojin"]
[BlackFideId "30909694"]
[WhiteElo "2858"]
[BlackElo "3072"]
[Result "1-0"]
[Round "4"]
[TimeControl "180+1"]
[Date "2023.11.14"]
[WhiteClock "0:00:08"]
[BlackClock "0:00:09"]
[Board "5"]

1. e4 e5 2. Nf3 Nc6 3. Nc3 Nf6 4. d4 exd4 5. Nxd4 Bb4 6. Nxc6 bxc6 7. Bd3 O-O 8. O-O Re8 9. Re1 d5 10. exd5 Rxe1+ 11. Qxe1 cxd5 12. h3 Rb8 13. Qd1 Be6 14. Bf4 Bd6 15. Bxd6 Qxd6 16. b3 c5 17. Qf3 c4 18. Bf5 d4 19. Rd1 d3 20. bxc4 Bxf5 21. Qxf5 dxc2 22. Qxc2 Qc6 23. Qd3 h6 24. Nd5 Nxd5 25. cxd5 Qd6 26. Qd4 a5 27. Qc4 Rb2 28. g3 Qf6 29. Qd4 Qxd4 30. Rxd4 Kf8 31. d6 Ke8 32. a3 Kd7 33. Rd5 a4 34. Rd4 Ra2 35. Rxa4 Kxd6 36. Ra7 Ke6 37. h4 h5 38. Kg2 g6 39. Kf3 f6 40. Ke3 g5 41. Kf3 Kf5 42. hxg5 fxg5 43. a4 Kg6 44. a5 Ra3+ 45. Ke4 Ra2 46. Kf3 Kf5 47. a6 Ra3+ 48. Kg2 Kg6 49. Ra8 Kg7 50. f4 gxf4 51. gxf4 h4 52. a7 Ra2+ 53. Kh3 Ra4 54. f5 Ra6 55. f6+ Kf7 56. Rh8 Ra3+ 57. Kxh4 Ra4+ 58. Kg3 Ra3+ 59. Kf4 Ra4+ 60. Ke3 Ra3+ 61. Kd4 Ra4+ 62. Kc3 Ra3+ 63. Kb4 Rxa7 64. Rh7+ Ke6 65. Rxa7 Kxf6 66. Kc5 1-0


[Site "https://www.chess.com"]

[Event "Titled Tuesday Blitz November 14 Late 2023"]
[White "Erigaisi Arjun"]
[Black "Zakhartsov, Vladimir"]
[WhiteFideId "35009192"]
[BlackFideId "4145097"]
[WhiteElo "3037"]
[BlackElo "2853"]
[Result "1-0"]
[Round "4"]
[TimeControl "180+1"]
[Date "2023.11.14"]
[WhiteClock "0:00:27"]
[BlackClock "0:00:01"]
[Board "6"]

1. c4 e6 2. Nf3 d5 3. e3 Nf6 4. b3 b6 5. Bb2 Bb7 6. Nc3 Nbd7 7. Rc1 a6 8. cxd5 exd5 9. Ne2 g6 10. h4 h5 11. Ng5 Bg7 12. Nf4 O-O 13. Bd3 Nc5 14. Bb1 Nce4 15. Qc2 c5 16. d3 Nxg5 17. hxg5 Ng4 18. Bxg7 Kxg7 19. d4 Qxg5 20. Nxh5+ gxh5 21. Qh7+ Kf6 22. Rxh5 Qg8 23. Qf5+ Ke7 24. Rg5 Qh8 25. Qxg4 Rg8 26. Qf4 Rxg5 27. Qxg5+ f6 28. Qf4 Rc8 29. Bf5 Rc6 30. dxc5 bxc5 31. Kd2 Qd8 32. Rh1 Qa5+ 33. Kd1 Qxa2 34. Rh7+ Kd8 35. Rxb7 Qa1+ 36. Ke2 Qb2+ 37. Kf3 1-0


[Site "https://www.chess.com"]

[Event "Titled Tuesday Blitz November 14 Late 2023"]
[White "Mikaelyan, Arman"]
[Black "Hakobyan, Aram"]
[WhiteFideId "13304852"]
[BlackFideId "13306677"]
[WhiteElo "2829"]
[BlackElo "3032"]
[Result "1/2-1/2"]
[Round "4"]
[TimeControl "180+1"]
[Date "2023.11.14"]
[WhiteClock "0:00:22"]
[BlackClock "0:00:30"]
[Board "7"]

1. d4 Nf6 2. Nf3 d5 3. c4 e6 4. Nc3 Bb4 5. e3 O-O 6. Bd2 Re8 7. Bd3 Nbd7 8. O-O dxc4 9. Bxc4 a6 10. Qc2 b5 11. Bd3 Bb7 12. Ne4 Bxd2 13. Nfxd2 e5 14. Nxf6+ Nxf6 15. dxe5 Rxe5 16. e4 Qd6 17. Nf3 Rc5 18. Qe2 Re8 19. Rad1 Qf4 20. Rfe1 g6 21. Qd2 Nh5 22. Qxf4 Nxf4 23. Bb1 Rc4 24. g3 Nh5 25. b3 Rc3 26. Rc1 Rxf3 27. Rxc7 Ba8 28. Kg2 Rf6 29. f3 Rd6 30. Re2 Ng7 31. Ra7 Ne6 32. b4 Rb6 33. a3 Bb7 34. Ba2 Nd4 35. Rd2 Nc6 36. Rd7 Re7 37. Rd6 Rc7 38. Bd5 Nxa7 39. Rxb6 Bxd5 40. exd5 Nc8 41. Rxa6 Rd7 42. Ra8 Rd8 43. d6 Kg7 44. d7 Rxd7 45. Rxc8 Rd2+ 46. Kh3 Rd3 47. f4 Rxa3 48. Rc5 h5 49. Rxb5 Rb3 50. Rb6 Rb2 51. b5 Kh6 52. Rb7 Kg7 53. Rb6 Kh6 54. f5 Kg7 55. fxg6 fxg6 56. Kh4 Rb4+ 57. Kh3 Rb2 58. Rb7+ Kh6 59. Rb8 g5 60. Rb6+ Kg7 61. g4 Rb3+ 62. Kg2 h4 63. Kf2 Rb2+ 64. Kg1 h3 65. Rb7+ Kf6 66. Rb8 Rg2+ 67. Kh1 Rxg4 68. Rf8+ Kg7 69. Rf3 Rh4 70. b6 Rb4 71. Rxh3 Rxb6 72. Rg3 Kh6 73. Kg2 Rb2+ 74. Kg1 Kh5 75. Rh3+ Kg4 76. Rg3+ Kf4 77. Rd3 Rb1+ 78. Kg2 g4 79. Rd4+ Kg5 80. Rd8 Rb2+ 81. Kg3 Rb3+ 82. Kg2 Kf5 83. Rf8+ Ke4 84. Re8+ Kf4 85. Rf8+ Kg5 86. Rg8+ Kh5 87. Rh8+ Kg6 88. Rg8+ Kf7 89. Rxg4 Rb2+ 90. Kg3 Rb1 91. Kg2 Kf6 92. Rf4+ Kg5 93. Rf2 Kg4 94. h3+ Kg5 95. Re2 Rb3 96. Rf2 Kh4 97. Rf4+ Kh5 98. Rf3 Rb2+ 99. Rf2 Rb1 100. Rf1 Rb8 101. Rf5+ Kh6 102. Rf3 Kh7 103. Kg3 Kh8 104. Kg4 Rg8+ 105. Kh4 Ra8 106. Kg4 Ra6 107. h4 Kg7 108. h5 Kh6 109. Rf4 Rb6 110. Re4 Rf6 111. Rf4 Rb6 112. Re4 Rc6 113. Rf4 Re6 114. Rf5 Re4+ 115. Rf4 Re5 116. Rf6+ Kh7 117. Rc6 Kg7 118. Rc7+ Kh6 119. Rc6+ Kh7 120. Kh4 Ra5 121. Rd6 Rb5 122. Re6 Ra5 123. Rd6 Rb5 124. Rd7+ Kh6 125. Rd6+ Kg7 126. Rc6 Rd5 127. Rb6 Ra5 128. Rb7+ Kf6 129. Rb6+ Kg7 130. Rc6 Kh7 131. Rc7+ Kh6 132. Rc6+ Kg7 133. Rc7+ Kh6 134. Rc6+ Kh7 1/2-1/2


[Site "https://www.chess.com"]

[Event "Titled Tuesday Blitz November 14 Late 2023"]
[White "Ivic, Velimir"]
[Black "Martinez Alcantara, Jose Eduardo"]
[WhiteFideId "950122"]
[BlackFideId "3805662"]
[WhiteElo "2823"]
[BlackElo "3021"]
[Result "0-1"]
[Round "4"]
[TimeControl "180+1"]
[Date "2023.11.14"]
[WhiteClock "0:02:06"]
[BlackClock "0:01:12"]
[Board "8"]

1. e4 c5 2. Nf3 d6 3. d4 cxd4 4. Nxd4 Nc6 5. c4 Nf6 6. Nc3 e6 7. Be2 Be7 8. Be3 O-O 9. Qd2 Bd7 10. g4 Nxd4 11. Qxd4 Bc6 12. g5 Nd7 13. f4 e5 14. Qd2 exf4 15. Bxf4 Nc5 16. O-O-O Nxe4 17. Nxe4 Bxe4 18. Rhe1 d5 19. Bd3 Bxd3 20. Qxd3 Bxg5 21. Bxg5 Qxg5+ 22. Kb1 dxc4 23. Qxc4 Rac8 24. Qb3 b6 25. Ka1 g6 26. a3 Rfd8 27. Rxd8+ Rxd8 28. Rf1 Qd5 29. Qe3 Qd3 30. Qf4 Qb3 31. Rc1 a5 32. Qc7 Re8 33. Qc6 Re2 34. Rb1 Qe6 35. Qa8+ Kg7 36. h4 Re1 0-1


[Site "https://www.chess.com"]

[Event "Titled Tuesday Blitz November 14 Late 2023"]
[White "Ibarra Jerez, Jose Carlos"]
[Black "Hafiz, Arif Abdul"]
[WhiteFideId "2226332"]
[BlackFideId "7104227"]
[WhiteElo "2967"]
[BlackElo "2815"]
[Result "1-0"]
[Round "4"]
[TimeControl "180+1"]
[Date "2023.11.14"]
[WhiteClock "0:00:23"]
[BlackClock "0:00:04"]
[Board "9"]

1. e4 e5 2. Nf3 Nc6 3. Nc3 Nf6 4. h3 Bb4 5. Nd5 Bc5 6. c3 Nxe4 7. d4 exd4 8. Bd3 Nf6 9. Nxf6+ Qxf6 10. O-O O-O 11. Ng5 g6 12. Ne4 Qe5 13. Bh6 dxc3 14. bxc3 Re8 15. Qf3 f5 16. Bc4+ Kh8 17. Ng5 Nd8 18. Rae1 Qxe1 19. Rxe1 Rxe1+ 20. Kh2 c6 21. Qf4 d5 22. Qc7 Be7 23. Bf8 dxc4 24. Bxe7 Ne6 25. Bf6+ 1-0


[Site "https://www.chess.com"]